 Dungeon Crawl Stone Soup version 0.29-a0-322-g68df515428 (webtiles) character file.

Game seed: 7740645771893542774

937348 Dabor the Impregnable (level 27, -4/171 HPs)
             Began as a Gargoyle Gladiator on Apr 8, 2022.
             Was the Champion of Zin.
             Killed from afar by a hellion (31 damage)
             ... with damnation
             ... in Pandemonium on Apr 9, 2022.
             The game lasted 05:42:22 (90104 turns).

Dabor the Impregnable (Gargoyle Gladiator)         Turns: 90104, Time: 05:42:22

Health: -4/171     AC: 83    Str: 37    XL:     27
Magic:  49/51      EV: 19    Int: 20    God:    Zin [******]
Gold:   2820       SH: 37    Dex: 19    Spells: 29/35 levels left

rFire   + + +      SeeInvis +   a - +9 sacred scourge (holy)
rCold   + + .      Faith    .   H - +10 tower shield of Ignorance {rN+ Int-4}
rNeg    + + +      Spirit   .   L - +14 crystal plate armour
rPois   ∞          Reflect  .   h - +2 hat of Precision Catastrophes {MP+9 Dex+2}
rElec   +          Harm     .   K - +1 cloak "Leorch" {rC+ rN+ MP+9}
rCorr   .          Rampage  .   M - +1 pair of gloves of the Past {Regen+ Str+7 Slay-4}
Will    +++++                   x - +1 pair of boots "Pehutsin" {Drain rPois rN+ Will++}
Stlth   ..........              c - amulet of Mutualism {Acrobat +Blink rF+++ Int-5 SInv}
HPRegen 1.18/turn               J - ring "Peafovisali" {rElec rPois rF+ Will++}
MPRegen 0.32/turn               s - ring "Ymalac" {rC+ AC+4 Int+4 Dex-4 Stlth+}

@: vitalised, reciting, flying, studying 4 skills
A: sickness immunity, AC +20, big wings, negative energy resistance 1,
electricity resistance, torment resistance 1, petrification resistance,
iridescent scales 1, large bone plates 1, thin skeletal structure 1, clever 2,
frail 1, low MP 1, screaming 1
}: 10/15 runes: barnacled, slimy, silver, abyssal, demonic, glowing, magical,
fiery, dark, gossamer
a: Renounce Religion, Evoke Blink, Recite, Vitalisation, Imprison, Sanctuary,
Donate Gold


You were in Pandemonium.
You worshipped Zin.
Zin was exalted by your worship.
You visited 12 branches of the dungeon, and saw 56 of its levels.
You visited Pandemonium 3 times, and saw 18 of its levels.
You visited the Abyss 4 times.
You also visited: Ice Cave, Volcano and Wizlab.

You collected 14420 gold pieces.
You spent 8841 gold pieces at shops.
You donated 2759 gold pieces to Zin.

Inventory:

Hand Weapons
 a - a +9 sacred scourge of holy wrath (weapon)
 b - the +11 fustibalus "Ifecayn" {speed, Will+ Int+4}
   (You found it on level 5 of the Pits of Slime)

   Attacks with this weapon are significantly faster.
   Int:       It affects your intelligence (+4).
   Will:      It increases your willpower.
 O - the +9 morningstar "Reqompotz" {elec, Int+8 Dex+4}
   (You took it off a deep elf death mage on level 3 of the Elven Halls)

   It occasionally discharges a powerful burst of electricity upon striking a
   foe.
   Int:       It affects your intelligence (+8).
   Dex:       It affects your dexterity (+4).
Missiles
 d - 12 throwing nets
 j - 12 boomerangs
 B - 11 silver boomerangs (quivered)
 S - 30 curare-tipped darts
 V - 29 javelins
 Z - 16 silver javelins
Armour
 h - the +2 hat of Precision Catastrophes (worn) {MP+9 Dex+2}
   (Okawaru gifted it to you on level 11 of the Dungeon)

   Dex:       It affects your dexterity (+2).
   MP:        It affects your magic capacity (+9).
 x - the +1 pair of boots "Pehutsin" (worn) {Drain rPois rN+ Will++}
   (Okawaru gifted it to you on level 4 of the Vaults)

   rPois:     It protects you from poison.
   rN:        It protects you from negative energy.
   Drain:     It drains your maximum health when unequipped.
   Will:      It greatly increases your willpower.
 H - the +10 tower shield of Ignorance (worn) {rN+ Int-4}
   (You found it on level 1 of the Orcish Mines)

   Int:       It affects your intelligence (-4).
   rN:        It protects you from negative energy.
 K - the +1 cloak "Leorch" (worn) {rC+ rN+ MP+9}
   (You acquired it on level 15 of the Dungeon)

   rC:        It protects you from cold.
   rN:        It protects you from negative energy.
   MP:        It affects your magic capacity (+9).
 L - a +14 crystal plate armour (worn)
 M - the +1 pair of gloves of the Past (worn) {Regen+ Str+7 Slay-4}
   (Okawaru gifted it to you on level 4 of the Spider Nest)

   Str:       It affects your strength (+7).
   Slay:      It affects your accuracy & damage with ranged weapons and melee
   (-4).
   Regen:     It increases your rate of health regeneration.
Jewellery
 c - the amulet of Mutualism (around neck) {Acrobat +Blink rF+++ Int-5 SInv}
   (You found it on level 3 of the Realm of Zot)

   [amulet of the acrobat]

   It increases your evasion while moving and waiting.
   Int:       It affects your intelligence (-5).
   rF:        It renders you almost immune to fire.
   SInv:      It lets you see invisible.
   +Blink:    It lets you blink.
 l - the ring "Ytotauss" {+Blink rF+ rC- rN+++ Stlth+}
   (You bought it in a shop on level 3 of the Depths)

   [ring of protection from fire]

   rF:        It protects you from fire.
   rC:        It makes you vulnerable to cold.
   rN:        It renders you almost immune to negative energy.
   +Blink:    It lets you blink.
   Stlth:     It makes you more stealthy.
 s - the ring "Ymalac" (right hand) {rC+ AC+4 Int+4 Dex-4 Stlth+}
   (You bought it in a shop on level 3 of the Depths)

   [ring of protection]

   AC:        It affects your AC (+4).
   Int:       It affects your intelligence (+4).
   Dex:       It affects your dexterity (-4).
   rC:        It protects you from cold.
   Stlth:     It makes you more stealthy.
 J - the ring "Peafovisali" (left hand) {rElec rPois rF+ Will++}
   (You found it in Pandemonium)

   [ring of poison resistance]

   rF:        It protects you from fire.
   rElec:     It insulates you from electricity.
   rPois:     It protects you from poison.
   Will:      It greatly increases your willpower.
Wands
 t - a wand of iceblast (14)
 C - a wand of acid (10)
 Q - a wand of paralysis (29)
Scrolls
 i - 19 scrolls of teleportation
 k - 10 scrolls of fog
 o - a scroll of holy word
 p - 6 scrolls of magic mapping
 u - 9 scrolls of blinking
 v - a scroll of summoning
 y - 4 scrolls of silence
 I - 12 scrolls of amnesia
 N - 11 scrolls of immolation
 Y - 14 scrolls of fear
Potions
 f - 3 potions of heal wounds
 g - 18 potions of curing
 m - 9 potions of cancellation
 q - 4 potions of resistance
 E - 6 potions of ambrosia
 F - 12 potions of brilliance
 G - 6 potions of invisibility
 P - 7 potions of berserk rage
 T - 9 potions of haste
 U - 10 potions of might
 W - 7 potions of magic
Miscellaneous
 r - a box of beasts
 w - a lightning rod (4/4)
 A - a tin of tremorstones (2/2)
 D - a condenser vane
 X - a phantom mirror


   Skills:
 + Level 24.1 Fighting
 + Level 22.4 Maces & Flails
 - Level 15.6(18.1) Slings
 + Level 15.3(18.0) Throwing
 + Level 26.6 Armour
 + Level 20.3 Dodging
 - Level 10.0 Stealth
 + Level 20.0 Shields
 - Level 4.8 Spellcasting
 - Level 3.0 Transmutations
 - Level 4.7 Air Magic
 + Level 20.0 Invocations
 - Level 13.0 Evocations


You had 29 spell levels left.
You knew the following spells:

 Your Spells              Type           Power      Damage    Failure   Level
a - Wereblood             Tmut           16%        N/A       41%         2
b - Airstrike             Air            11%        N/A       82%         4

Your spell library contained the following spells:

 Spells                   Type           Power      Damage    Failure   Level
 Beastly Appendage        Tmut           32%        N/A       30%         1
 Shock                    Conj/Air       56%        1d6       36%         1
 Swiftness                Air            23%        N/A       41%         3
 Sting                    Tmut/Pois      40%        1d5       50%         1
 Static Discharge         Conj/Air       14%        N/A       50%         2
 Passwall                 Tmut/Erth      8%         N/A       63%         2
 Animate Skeleton         Necr           8%         N/A       71%         1
 Foxfire                  Conj/Fire      16%        2x1d4     71%         1
 Freeze                   Ice            16%        1d4       71%         1
 Magic Dart               Conj           16%        1d3       71%         1
 Pain                     Necr           16%        1d4       71%         1
 Sandblast                Erth           8%         2d5       71%         1
 Blink                    Tloc           8%         N/A       83%         2
 Call Imp                 Summ           4%         N/A       83%         2
 Ensorcelled Hibernation  Hex/Ice        8%         N/A       83%         2
 Scorch                   Fire           8%         2d5       83%         2
 Searing Ray              Conj           8%         2d4       83%         2
 Mephitic Cloud           Conj/Pois/Air  11%        N/A       85%         3
 Spider Form              Tmut/Pois      10%        N/A       86%         3
 Confusing Touch          Hex            4%         N/A       97%         3
 Conjure Flame            Conj/Fire      4%         6-21      97%         3
 Dazzling Flash           Conj/Hex       8%         N/A       97%         3
 Frozen Ramparts          Ice            8%         1d2       97%         3
 Gell's Gravitas          Tloc           4%         N/A       97%         3
 Inner Flame              Hex/Fire       4%         N/A       97%         3
 Portal Projectile        Hex/Tloc       8%         N/A       97%         3
 Stone Arrow              Conj/Erth      8%         3d7       97%         3
 Summon Guardian Golem    Hex/Summ       4%         N/A       97%         3
 Teleport Other           Tloc           4%         N/A       97%         3
 Tukima's Dance           Hex            4%         N/A       97%         3
 Vampiric Draining        Necr           4%         2d6       97%         3
 Summon Lightning Spire   Summ/Air       14%        N/A       98%         4
 Ice Form                 Ice/Tmut       10%        N/A       99%         4
 Petrify                  Tmut/Erth      10%        N/A       99%         4
 Anguish                  Hex/Necr       2%         N/A       100%        4
 Animate Armour           Summ/Erth      8%         N/A       100%        4
 Animate Dead             Necr           2%         N/A       100%        4
 Cause Fear               Hex            2%         N/A       100%        4
 Dispel Undead            Necr           4%         3d7       100%        4
 Flame Wave               Conj/Fire      4%         2d5       100%        4
 Fulminant Prism          Conj/Hex       2%         3d6       100%        4
 Hailstorm                Conj/Ice       4%         3d4       100%        4
 Iskenderun's Mystic Bla  Conj/Tloc      4%         2d3       100%        4
 Leda's Liquefaction      Hex/Erth       2%         N/A       100%        4
 Passage of Golubria      Tloc           4%         N/A       100%        4
 Sticky Flame             Conj/Fire      4%         2d3       100%        4
 Summon Ice Beast         Ice/Summ       4%         N/A       100%        4
 Agony                    Necr           4%         N/A       100%        5
 Alistair's Intoxication  Tmut/Pois      6%         N/A       100%        5
 Blade Hands              Tmut           8%         N/A       100%        5
 Borgnjor's Vile Clutch   Necr/Erth      2%         N/A       100%        5
 Excruciating Wounds      Necr           2%         N/A       100%        5
 Fireball                 Conj/Fire      2%         3d4       100%        5
 Irradiate                Conj/Tmut      5%         3d15      100%        5
 Iskenderun's Battlesphe  Conj           4%         2d6       100%        5
 Lee's Rapid Deconstruct  Erth           2%         3d5*      100%        5
 Lightning Bolt           Conj/Air       7%         1d19      100%        5
 Manifold Assault         Tloc           4%         N/A       100%        5
 Metabolic Englaciation   Hex/Ice        2%         N/A       100%        5
 Summon Forest            Summ/Tloc      2%         N/A       100%        5
 Yara's Violent Unravell  Hex/Tmut       5%         3d4       100%        5
 Conjure Ball Lightning   Conj/Air       7%         3x3d6     100%        6
 Dispersal                Tloc           2%         N/A       100%        6
 Eringya's Noxious Bog    Tmut/Pois      5%         N/A       100%        6
 Iron Shot                Conj/Erth      2%         9d2       100%        6
 Starburst                Conj/Fire      2%         6d3       100%        6
 Summon Cactus Giant      Summ           2%         N/A       100%        6
 Dragon Form              Tmut           8%         N/A       100%        7
 Enfeeble                 Hex            2%         N/A       100%        7
 Orb of Destruction       Conj           2%         9d5       100%        7
 Spellforged Servitor     Conj/Summ      2%         N/A       100%        7
 Storm Form               Tmut/Air       10%        N/A       100%        7
 Summon Hydra             Summ           2%         N/A       100%        7
 Discord                  Hex            2%         N/A       100%        8
 Disjunction              Tloc           2%         N/A       100%        8
 Ignition                 Fire           2%         3d3       100%        8
 Lehudib's Crystal Spear  Conj/Erth      2%         10d2      100%        8
 Maxwell's Capacitive Co  Air            11%        ∞         100%        8
 Chain Lightning          Conj/Air       7%         3d9       100%        9
 Dragon's Call            Summ           2%         N/A       100%        9
 Fire Storm               Conj/Fire      2%         8d1       100%        9
 Shatter                  Erth           2%         3d6*      100%        9
 Sublimation of Blood     Necr           Unusable   N/A       N/A         2
 Statue Form              Tmut/Erth      Unusable   N/A       N/A         6

Dungeon Overview and Level Annotations

Branches:
Dungeon (15/15)            Temple (1/1) D:5            Lair (6/6) D:10
 Shoals (4/4) Lair:3       Spider (4/4) Lair:3        Slime (5/5) Lair:5
    Orc (2/2) D:11            Elf (3/3) Orc:2        Vaults (5/5) D:13
  Crypt (3/3) Vaults:2       Tomb (0/3) Crypt:3      Depths (4/4) D:15
    Zot (4/5) Depths:4      IceCv (visited)         Volcano (visited)
 WizLab (visited)

Altars:
Ashenzari
Cheibriados
Dithmenos
Elyvilon
Fedhas
Gozag
Hepliaklqana
Kikubaaqudgha
Makhleb
Nemelex Xobeh
Okawaru
Qazlal
Ru
Sif Muna
Trog
Uskayaw
Vehumet
Wu Jian
Xom
Yredelemnul
Zin
The Shining One
Beogh
Jiyva

Shops:
D:4 [*   D:10 [   D:12 *   D:14 (   Orc:2 (:(([   Elf:1 [[   Elf:2 *
Shoals:1 =   Vaults:2 !=[=(   Vaults:3 :   Depths:2 !([*(   Depths:3 =:=
Depths:4 (

Portals:
Hell: Depths:1 Depths:2 Depths:3 Depths:4
Abyss: Depths:2 Depths:3
Pandemonium: Depths:2 Depths:4
Ziggurat: Depths:1

Annotations:
Orc:1 1 runed translucent door


Innate Abilities, Weirdness & Mutations

You are immune to sickness and miasma.
Your stone body is resilient. (AC +20)
You are immune to poison.
Your large and strong wings let you fly.
You resist negative energy. (rN+)
You are resistant to electric shocks. (rElec)
You are resistant to unholy torment.
You are immune to petrification.
You are partially covered in iridescent scales. (AC +2)
You are partially covered in large bone plates. (SH +4)
You have a somewhat thin skeletal structure. (Dex +2, Stealth+)
Your mind is very acute. (Int +4)
You are frail. (-10% HP)
Your magical capacity is low. (-10% MP)
You occasionally shout uncontrollably at your foes.


Message History

Your body is wracked with pain!
The Brimstone Fiend calls on the powers of darkness!
Your body is wracked with pain!
You feel better.
The Brimstone Fiend calls on the powers of darkness!
Your body is wracked with pain!
You feel better.
A hellion comes into view.
The hellion gives a hideous shriek!
You block the Brimstone Fiend's attack. x2
The Brimstone Fiend hits you but does no damage.
The hellion gestures at you.
The sphere of damnation explodes!
The damnation engulfs you!
The damnation engulfs the Brimstone Fiend.
The Brimstone Fiend completely resists.
You hear a roar!
Activating: Recite (0% risk of failure)
Press: ? - help, Dir - look around, f - activate You clear your throat and prepare to recite. "It was then that Zin bade them..."
You hear a roar!
The Brimstone Fiend calls on the powers of darkness!
Your body is wracked with pain!
You block the Brimstone Fiend's attack. x2
The Brimstone Fiend hits you but does no damage.
Zin grants you divine stamina. "...not to stray from hygiene, lest..."
The Brimstone Fiend stumbles about in disarray.
The Brimstone Fiend is limned with silver light.
The Brimstone Fiend gestures at you.
The sphere of damnation explodes!
The damnation engulfs the Brimstone Fiend.
The Brimstone Fiend completely resists.
The damnation engulfs the Brimstone Fiend.
The Brimstone Fiend completely resists.
The damnation engulfs you!!
* * * LOW HITPOINT WARNING * * *
A soul eater comes into view.
You block the Brimstone Fiend's attack.
The Brimstone Fiend barely misses you. x2
The hellion gestures at you.
The sphere of damnation explodes!
The damnation engulfs you!!
You die...

. .. ... .... .....
.....3#############.#
...(2..11@..........#
.....################
... .


You could see 2 Brimstone Fiends, a soul eater and a hellion.

Vanquished Creatures
  the Royal Jelly (Slime:5)
  Dissolution (Slime:1)
  Lom Lobon (Pan)
  2 ancient liches
  2 orbs of fire
  Mennas (Crypt:3)
  Sojobo (Depths:4)
  6 pandemonium lords (Pan)
  Vv (Crypt:3)
  Bai Suzhen (Crypt:1)
  Parghit (Zot:2)
  6 caustic shrikes
  Saint Roka (Vaults:3)
  A curse toe (Zot:2)
  8 golden dragons
  2 bone dragons
  Jory (Crypt:3)
  A pearl dragon (Pan)
  3 Brimstone Fiends (Pan)
  A Cloud Mage (WizLab)
  A hellephant (Abyss:1)
  14 tentacled monstrosities
  10 deep elf blademasters
  Mlioglotl (Shoals:2)
  2 Ice Fiends (Pan)
  2 Hell Sentinels (Pan)
  The ghost of flestrin the Cloud Mage, an adept TeAE of Vehumet (Arena)
  3 quicksilver dragons
  5 liches
  13 titans
  2 deep elf master archers
  2 ancient champions (Crypt:3)
  24 acid blobs
  Agnes (D:14)
  9 tentacled starspawn
  20 Executioners (Pan)
  7 death cobs
  14 storm dragons
  6 sphinxes
  Kirke (D:12)
  A revenant (Crypt:1)
  11 azure jellies
  7 shadow dragons
  Donald (Shoals:2)
  9 rockslimes
  8 draconian knights
  21 frost giants
  9 tengu reavers
  8 draconian monks
  4 iron dragons
  The ghost of Mefeth the Zephyrmancer, a journeyman DgAE (D:15)
  13 fire giants
  A fenstrider witch (Shoals:2)
  9 ghost moths
  12 emperor scorpions
  7 draconian scorchers
  14 daevas (Pan)
  6 curse skulls
  19 cacodemons
  5 demonspawn warmongers (Pan)
  6 deep elf sorcerers
  18 balrugs
  21 angels (Pan)
  5 draconian stormcallers
  2 orc warlords (Orc:2)
  5 spectral caustic shrikes (Depths:1)
  19 vault wardens
  7 draconian shifters
  7 deep elf elementalists (Elf:3)
  12 ironbound preservers
  15 ghouls
  4 draconian annihilators
  6 demonspawn corrupters (Pan)
  14 reapers
  12 quicksilver oozes
  4 ironbound thunderhulks
  2 caustic shrike skeletons (Pan)
  2 war gargoyles
  29 very ugly things
  A broodmother (Spider:2)
  40 starcursed masses
  8 demonspawn blood saints (Pan)
  6 ophanim (Pan)
  27 stone giants
  A dire elephant (shapeshifter) (Vaults:2)
  20 vampire knights
  7 yellow draconians
  8 green draconians
  12 black draconians
  5 entropy weavers
  24 apis (Pan)
  12 lorocyprocas
  10 deep elf demonologists
  11 demonspawn black suns (Pan)
  2 dire elephants
  11 white draconians
  14 deep elf annihilators
  4 eidola
  3 red draconians
  10 spark wasps
  9 purple draconians
  15 blizzard demons
  22 green deaths (Pan)
  15 deep elf death magi
  9 merfolk javelineers
  14 ettins
  8 merfolk impalers
  A quicksilver dragon zombie (Crypt:3)
  11 great orbs of eyes
  10 fire dragons
  13 jiangshi
  5 rakshasas
  3 shambling mangroves
  13 yaktaur captains
  32 vault guards
  4 hydras
  4 deep elf high priests
  4 spriggan zombies
  4 spriggan air magi
  7 hell beasts
  7 ice dragons
  A hydra (shapeshifter) (Vaults:5)
  A quicksilver dragon skeleton (Pan)
  2 alligator snapping turtles
  Harold (Lair:1)
  2 peacekeepers (Vaults:2)
  3 radroaches
  3 boulder beetles
  6 ironbound frosthearts
  14 two-headed ogres
  3 satyrs
  A merfolk avatar (Shoals:4)
  13 centaur warriors
  7 deep troll shamans
  A hell hog (Abyss:3)
  5 merfolk aquamancers
  A titan zombie (Vaults:3)
  26 dancing weapons
  5 death knights
  An orc high priest (Orc:2)
  7 tengu warriors
  13 death yaks
  5 deep troll earth magi
  18 vampire magi
  31 soul eaters
  4 shock serpents (WizLab)
  9 thrashing horrors (Abyss:3)
  3 storm dragon zombies (Crypt:3)
  2 spriggan berserkers
  Sonja (Lair:4)
  77 sun demons
  4 wretched stars
  6 hell knights
  19 deep elf knights
  Amaemon (D:10)
  4 sun moths
  12 skeletal warriors
  2 iron trolls (Depths:3)
  A titan skeleton (Pan)
  24 sixfirhies
  A spatial maelstrom (Abyss:3)
  6 golden dragon zombies
  14 sea snakes
  5 pharaoh ants
  Lodul (D:11)
  9 orb spiders
  11 steelbarb worms
  8 cherubim (Pan)
  A glowing orange brain (shapeshifter) (D:15)
  3 flayed ghosts
  8 shadow wraiths
  12 glowing orange brains
  14 shadow demons
  An obsidian statue (Depths:4)
  3 death drakes (WizLab)
  8 wizards
  40 deep trolls
  14 phantasmal warriors
  A swamp dragon (Abyss:3)
  3 bog bodies
  Pikel (D:5)
  13 harpies
  18 deep elf archers
  2 anaconda skeletons
  5 orc knights
  15 lindwurms
  4 orange crystal statues (Orc:1)
  3 necromancers
  21 ironbound convokers
  28 deep elf pyromancers
  23 deep elf zephyrmancers
  A golden dragon skeleton (Crypt:3)
  5 orc sorcerers
  2 will-o-the-wisps
  36 ugly things
  A manticore (shapeshifter) (Vaults:5)
  23 wolf spiders
  5 cyclopes
  8 shining eyes
  22 fauns
  A cyclops (shapeshifter) (Depths:4)
  19 manticores
  26 moths of wrath
  4 ice statues
  3 elephants (Lair:6)
  6 worldbinders (Abyss:3)
  11 rust devils
  11 merfolk sirens
  9 water nymphs
  14 cane toads
  5 torpor snails
  6 apocalypse crabs
  2 guardian serpents (shapeshifter) (Vaults:5)
  A centaur zombie (Crypt:3)
  6 eyes of devastation
  Joseph (D:7)
  A gargoyle (D:14)
  A guardian serpent (Lair:6)
  Maurice (Orc:1)
  57 smoke demons
  6 black mambas
  11 vault sentinels
  A cane toad (shapeshifter) (D:14)
  A centaur skeleton (Pan)
  22 orange demons
  31 demonic crawlers
  The ghost of Tutankhamun the Firebug, a novice HOFE of Beogh (D:5)
  22 hellions (Pan)
  A kobold demonologist (D:12)
  A pale draconian zombie (Crypt:3)
  2 unseen horrors (Depths:3)
  31 yaktaurs
  11 tormentors (Pan)
  2 human zombies (Vaults:3)
  A rime drake (shapeshifter) (D:12)
  6 efreet
  5 rime drakes
  5 freezing wraiths
  24 hellwings
  19 komodo dragons
  4 tengu conjurers
  A yaktaur skeleton (Vaults:3)
  5 red devils
  A white draconian skeleton (Crypt:2)
  5 harpy zombies
  An ice devil (Depths:4)
  6 polar bears
  4 ancient zymes
  26 merfolk
  6 meliai
  An iron troll skeleton (Crypt:1)
  9 trolls
  A culicivora zombie (Crypt:3)
  86 large abominations
  10 snapping turtles
  16 hornets
  13 blink frogs (Lair:2)
  2 harpy skeletons (Pan)
  2 tarantellas (shapeshifter) (Elf:3)
  7 raiju (Abyss:3)
  8 wind drakes
  27 tarantellas
  99 slime creatures
  A hydra skeleton (Crypt:2)
  7 dream sheep
  21 jumping spiders
  20 culicivoras
  54 yaks
  21 water elementals
  8 wraiths
  An ice dragon skeleton (Crypt:3)
  5 flying skulls (Abyss:3)
  A dire elephant simulacrum (IceCv)
  9 air elementals
  19 vampires (Crypt:3)
  A black mamba skeleton (Crypt:2)
  An ettin skeleton (Vaults:3)
  5 fire bats
  30 ynoxinuls
  4 shadows
  4 fire elementals
  13 wyverns
  A tyrant leech zombie (Crypt:2)
  10 humans
  8 golden eyes
  3 hogs (D:12)
  30 neqoxecs
  Grum (Lair:1)
  7 basilisks
  37 chaos spawn
  45 redbacks
  A steam dragon (D:6)
  A redback (shapeshifter) (Vaults:3)
  A death yak simulacrum (IceCv)
  A naga zombie (Crypt:3)
  A yaktaur simulacrum (Vaults:3)
  3 vampire mosquitoes (D:13)
  5 wargs
  A harpy simulacrum (IceCv)
  2 hell hounds (Volcano)
  16 small abominations
  A two-headed ogre skeleton (Crypt:3)
  22 water moccasins
  A merfolk skeleton (Crypt:2)
  4 floating eyes (Pan)
  36 orc warriors
  3 sky beasts
  A manticore zombie (Shoals:3)
  2 black bears (D:5)
  3 ice beasts
  4 boggarts (D:14)
  11 wolves
  15 ogres
  14 centaurs
  A hog skeleton (Crypt:1)
  2 kobold brigands
  A komodo dragon zombie (Crypt:2)
  4 earth elementals
  4 elf zombies (Elf:1)
  16 bullfrogs
  A fire crab zombie (Crypt:1)
  8 necrophages
  2 gnoll sergeants
  2 elf skeletons (Crypt:1)
  2 cane toad simulacra (IceCv)
  A glowing shapeshifter simulacrum (Vaults:3)
  6 scorpions
  15 wights
  9 killer bees
  2 queen bee zombies
  A warg skeleton (Crypt:1)
  6 electric eels
  4 howler monkeys
  A crimson imp (Abyss:3)
  10 hounds
  5 quasits
  3 jellies
  A wolf skeleton (Crypt:1)
  22 orc priests
  An iron imp (Abyss:3)
  Jessica (D:2)
  6 iguanas
  41 orc wizards
  2 polar bear simulacra (IceCv)
  A tengu zombie (Crypt:1)
  A naga skeleton (Crypt:2)
  A hound skeleton (D:8)
  A mummy (D:8)
  11 gnolls
  A howler monkey skeleton (Crypt:3)
  9 adders
  A steam dragon skeleton (Crypt:1)
  A shadow imp (D:5)
  2 white imps (Abyss:3)
  2 ufetubi
  An adder zombie (Crypt:3)
  A lava snake skeleton (Crypt:1)
  3 worms
  A dart slug (D:2)
  104 orcs
  11 ball pythons
  7 bats
  A bat zombie (Shoals:3)
  4 endoplasms
  6 giant cockroaches
  3 goblins
  8 hobgoblins
  6 jackals
  5 quokkas
  3 frilled lizards
  A hobgoblin zombie (D:8)
  4 kobolds
  An orc skeleton (Crypt:2)
  3 orc zombies (D:8)
  3 rats
  13 starspawn tentacles
3364 creatures vanquished.

Vanquished Creatures (collateral kills)
  Cerebov (Pan)
  Gloorx Vloq (Pan)
  A seraph (Pan)
  Mnoleg (Pan)
  2 dread liches (Zot:3)
  An ancient lich (Zot:3)
  The ghost of Lerari the Sorcerer, a legendary DsCj of Sif Muna (Zot:3)
  5 pandemonium lords (Pan)
  The ghost of Ustik the Impregnable, a legendary GrMo of Okawaru (Zot:3)
  A Brimstone Fiend (Pan)
  2 electric golems (Zot:1)
  2 tentacled monstrosities (Pan)
  2 Tzitzimimeh (Pan)
  3 Hell Sentinels (Pan)
  An Ice Fiend (Pan)
  5 Executioners (Pan)
  A storm dragon (Zot:1)
  3 daevas (Pan)
  6 demonspawn warmongers (Pan)
  A draconian knight (Zot:1)
  2 draconian scorchers
  7 balrugs (Pan)
  A draconian stormcaller (Zot:4)
  9 cacodemons (Pan)
  4 demonspawn corrupters (Pan)
  2 draconian annihilators (Zot:1)
  3 angels (Pan)
  7 demonspawn blood saints (Pan)
  2 reapers (Pan)
  3 ophanim (Pan)
  4 very ugly things (Pan)
  A green draconian (Zot:2)
  2 deep elf annihilators (Pan)
  A demonspawn black sun (Pan)
  2 yellow draconians
  7 lorocyprocas (Pan)
  4 blizzard demons (Pan)
  6 green deaths (Pan)
  2 hell beasts (Pan)
  2 rakshasas (Pan)
  10 soul eaters (Pan)
  19 sun demons (Pan)
  9 sixfirhies (Pan)
  7 cherubim (Pan)
  2 glowing orange brains (Pan)
  8 shadow demons (Pan)
  A wizard (Pan)
  3 shining eyes (Pan)
  A stone giant skeleton (Pan)
  8 orange demons (Pan)
  36 smoke demons (Pan)
  10 large abominations (Pan)
  An efreet (Pan)
  3 eyes of devastation (Pan)
  3 hellions (Pan)
  6 tormentors (Pan)
  An ice devil (Pan)
  10 hellwings (Pan)
  A red devil (Pan)
  12 ynoxinuls (Pan)
  13 neqoxecs (Pan)
  7 chaos spawn (Pan)
  A floating eye (Pan)
284 creatures vanquished.

Vanquished Creatures (others)
  An eldritch tentacle (Pan)
  A demonspawn blood saint (Pan)
  An ironbound preserver (Vaults:5)
  A demonspawn black sun (Pan)
  A blizzard demon (Elf:3)
  A two-headed ogre (Volcano)
  A deep elf knight (Elf:3)
  A sixfirhy (Pan)
  3 skeletal warriors (Crypt:1)
  A shadow demon (Pan)
  2 deep elf archers (Elf:3)
  An ironbound convoker (Vaults:5)
  A necromancer (Vaults:5)
  A deep elf zephyrmancer (Elf:3)
  A rust devil (Depths:4)
  A smoke demon (Pan)
  A hellion (Pan)
  A tormentor (Pan)
  A hellwing (Pan)
  A merfolk (Shoals:4)
  A harpy zombie (Shoals:3)
  A jumping spider (Spider:1)
  An air elemental (WizLab)
  A human (D:13)
  A neqoxec (D:15)
  A quasit (Pan)
  2 orcs
  14 ball lightnings
  6 blocks of ice (Pan)
  4 foxfires (Abyss:3)
  36 fungi
  A lurking horror (Abyss:3)
  158 plants
  24 starspawn tentacles
274 creatures vanquished.

Grand Total: 3922 creatures vanquished

Notes
Turn   | Place    | Note
-------+----------+-------------------------------------------
     0 | D:1      | Dabor the Gargoyle Gladiator began the quest for the Orb.
     0 | D:1      | Reached XP level 1. HP: 12/12 MP: 1/1
    48 | D:1      | Reached XP level 2. HP: 15/18 MP: 2/2
   922 | D:1      | Reached XP level 3. HP: 22/22 MP: 3/3
  1356 | D:2      | Noticed Jessica
  1375 | D:2      | Killed Jessica
  1376 | D:2      | Reached XP level 4. HP: 18/28 MP: 4/4
  1398 | D:2      | Found a faded altar of an unknown god.
  1404 | D:2      | Reached skill level 1 in Armour
  2068 | D:3      | You fall into a shaft and drop 2 floors!
  2068 | D:5      | Entered Level 5 of the Dungeon
  2106 | D:4      | Reached XP level 5. HP: 23/32 MP: 5/5
  2297 | D:4      | Found Lybben's General Store.
  2297 | D:4      | Noticed a kobold brigand
  2310 | D:4      | Killed a kobold brigand
  2311 | D:4      | Reached skill level 1 in Stealth
  2347 | D:4      | Bought a potion of heal wounds for 65 gold pieces
  2347 | D:4      | Bought a scroll of fog for 26 gold pieces
  2351 | D:4      | Found Ujiud's Armour Shop.
  2363 | D:4      | Noticed an ogre
  2372 | D:4      | Killed an ogre
  2373 | D:4      | Reached skill level 2 in Armour
  2373 | D:4      | Reached XP level 6. HP: 22/38 MP: 6/6
  3434 | D:4      | Reached XP level 7. HP: 43/43 MP: 7/7
  3547 | D:4      | Found a radiant altar of Vehumet.
  3557 | D:4      | Found a bloodstained altar of Trog.
  3561 | D:4      | Found an ancient bone altar of Kikubaaqudgha.
  3895 | D:4      | Reached skill level 3 in Armour
  4034 | D:5      | Noticed Pikel
  4049 | D:5      | Killed Pikel
  4050 | D:5      | Reached skill level 5 in Fighting
  4050 | D:5      | Reached skill level 5 in Maces & Flails
  4050 | D:5      | Reached skill level 4 in Armour
  4050 | D:5      | Reached XP level 8. HP: 42/49 MP: 8/8
  4417 | D:5      | Found a staircase to the Ecumenical Temple.
  4442 | D:5      | Found a shadowy altar of Dithmenos.
  4470 | D:5      | Reached skill level 5 in Armour
  4470 | D:5      | Reached XP level 9. HP: 29/55 MP: 9/9
  4502 | Temple   | Entered the Ecumenical Temple
  5067 | Temple   | Became a worshipper of Warmaster Okawaru
  5212 | D:5      | Found a runed translucent door.
  5212 | D:5      | Noticed Tutankhamun's ghost (novice HOFE)
  5441 | D:5      | Found an ornate altar of the Wu Jian Council.
  5545 | D:5      | Found a shimmering altar of Xom.
  5609 | D:5      | Killed Tutankhamun's ghost
  5610 | D:5      | Reached skill level 5 in Dodging
  5610 | D:5      | Reached skill level 1 in Invocations
  5668 | D:4      | Bought the +0 pair of gloves of Minor Irritation {rPois
                  | rN++ Regen+} for 314 gold pieces
  5861 | D:6      | Identified the +1 pair of boots of Dawiwkiwa {Str+5 Int-5
                  | Dex+4}
  5919 | D:6      | Noticed a cyclops
  5924 | D:6      | Killed a cyclops
  5924 | D:6      | Reached * piety under Okawaru
  6093 | D:6      | Reached skill level 6 in Armour
  6465 | D:7      | Reached ** piety under Okawaru
  6466 | D:7      | Reached XP level 10. HP: 61/61 MP: 13/13
  6559 | D:7      | Reached skill level 5 in Invocations
  6681 | D:7      | Noticed Joseph
  6713 | D:7      | Killed Joseph
  7272 | D:8      | Reached *** piety under Okawaru
  7483 | D:8      | Found a burning altar of Makhleb.
  7653 | D:8      | Reached skill level 7 in Armour
  7778 | D:8      | Found a broken altar of Ashenzari.
  7889 | D:8      | Reached **** piety under Okawaru
  8042 | D:9      | Found a stormy altar of Qazlal.
  8202 | D:9      | Noticed a two-headed ogre
  8214 | D:9      | Killed a two-headed ogre
  8239 | D:9      | Reached XP level 11. HP: 68/68 MP: 16/16
  8457 | D:9      | Received a gift from Okawaru
  8780 | D:9      | Noticed a two-headed ogre
  8797 | D:9      | Killed a two-headed ogre
  8797 | D:9      | Reached ***** piety under Okawaru
  8927 | D:9      | Noticed a two-headed ogre
  8943 | D:9      | Killed a two-headed ogre
  9294 | D:10     | Entered Level 10 of the Dungeon
  9354 | D:10     | Reached skill level 8 in Armour
  9435 | D:10     | Identified the +0 hat "Hoshiler" {Str+4 Slay-4} (Okawaru
                  | gifted it to you on level 10 of the Dungeon)
  9435 | D:10     | Received a gift from Okawaru
  9479 | D:10     | Found a staircase to the Lair.
  9630 | D:10     | Noticed Amaemon
  9646 | D:10     | Killed Amaemon
  9670 | D:10     | Found Vuelaw's Antique Armour Shop.
  9742 | D:10     | Found a hide-covered altar of Uskayaw.
  9746 | D:10     | Noticed a +0 hand axe
  9746 | D:10     | Noticed a +0 hand axe
  9792 | D:10     | Noticed a deep elf pyromancer
  9800 | D:10     | Killed a deep elf pyromancer
  9801 | D:10     | Reached XP level 12. HP: 68/76 MP: 19/19
  9861 | D:10     | Noticed a two-headed ogre
  9872 | D:10     | Killed a two-headed ogre
  9925 | D:10     | Noticed a two-headed ogre
  9950 | D:10     | Killed a two-headed ogre
  9951 | D:10     | Reached skill level 10 in Invocations
 10311 | D:11     | Found a staircase to the Orcish Mines.
 10437 | D:11     | Reached skill level 9 in Armour
 10616 | D:11     | Noticed a two-headed ogre
 10616 | D:11     | Noticed a two-headed ogre
 10617 | D:11     | Noticed a two-headed ogre
 10622 | D:11     | Noticed a two-headed ogre
 10623 | D:11     | Noticed Lodul
 10624 | D:11     | Killed a two-headed ogre
 10624 | D:11     | Reached ****** piety under Okawaru
 10626 | D:11     | Noticed a two-headed ogre
 10656 | D:11     | Killed a two-headed ogre
 10660 | D:11     | Noticed a two-headed ogre
 10697 | D:11     | Killed a two-headed ogre
 10698 | D:11     | Reached skill level 10 in Fighting
 10715 | D:11     | Killed a two-headed ogre
 10724 | D:11     | Killed Lodul
 10729 | D:11     | Killed a two-headed ogre
 10729 | D:11     | Identified the +2 hat of Precision Catastrophes {MP+9
                  | Dex+2} (Okawaru gifted it to you on level 11 of the
                  | Dungeon)
 10729 | D:11     | Received a gift from Okawaru
 10733 | D:11     | Killed a two-headed ogre
 10948 | D:11     | Noticed a two-headed ogre
 10952 | D:11     | Killed a two-headed ogre
 10953 | D:11     | Reached skill level 10 in Armour
 11181 | Orc:1    | Entered Level 1 of the Orcish Mines
 11247 | Orc:1    | Found a runed translucent door.
 11252 | Orc:1    | Found the +10 tower shield of Ignorance {rN+ Int-4}
 11269 | Orc:1    | Reached skill level 10 in Maces & Flails
 11296 | Orc:1    | Found a runed translucent door.
 11523 | Orc:2    | Entered Level 2 of the Orcish Mines
 11523 | Orc:2    | Noticed an orc warlord
 11552 | Orc:2    | Reached XP level 13. HP: 52/83 MP: 13/20
 11559 | Orc:2    | Killed an orc warlord
 11739 | Orc:2    | Noticed Maurice
 11799 | Orc:1    | Killed Maurice
 12007 | Orc:2    | Found Xaruk Basme's Weapon Boutique.
 12162 | Orc:2    | Found Ockammago's Book Emporium.
 12216 | Orc:2    | Found a staircase to the Elven Halls.
 12382 | Orc:2    | Received a gift from Okawaru
 12390 | Orc:2    | Noticed an orc warlord
 12411 | Orc:2    | Killed an orc warlord
 12425 | Orc:2    | Identified the +1 chain mail of Udwecrod {Fly rPois rC+
                  | Str-3} (Okawaru gifted it to you on level 2 of the Orcish
                  | Mines)
 12425 | Orc:2    | Received a gift from Okawaru
 12460 | Orc:2    | Reached skill level 11 in Armour
 12573 | Orc:2    | Found Fuanoru's Antique Weapon Shop.
 12599 | Orc:2    | Found Xuburo's Antique Armour Boutique.
 12614 | Orc:2    | Bought a jacinth-encrusted scale mail for 306 gold pieces
 12614 | Orc:2    | Identified the +1 scale mail of Beogh's Outrage {rF++ Will-
                  | Regen+ SInv} (You bought it in a shop on level 2 of the
                  | Orcish Mines)
 12829 | Orc:2    | Found Dietibe Mopp's Antique Weapon Shop.
 13016 | Orc:2    | Bought an embroidered cloak for 255 gold pieces
 13105 | Lair:1   | Entered Level 1 of the Lair of Beasts
 13119 | Lair:1   | Noticed Harold
 13125 | Lair:1   | Reached skill level 1 in Evocations
 13168 | Lair:1   | Killed Harold
 13328 | Lair:1   | You fall into a shaft and drop 1 floor!
 13771 | Lair:2   | Gained mutation: Your large and strong wings let you fly.
                  | [Gargoyle growth]
 13771 | Lair:2   | Reached XP level 14. HP: 80/91 MP: 21/21
 13876 | Lair:2   | Identified the +6 rapier "Roewudgh" {vorpal, rN+ Int+4
                  | Dex-2 SInv}
 13906 | Lair:2   | Identified the +0 ring mail of Pamiq {Harm Will++} (Okawaru
                  | gifted it to you on level 2 of the Lair of Beasts)
 13906 | Lair:2   | Received a gift from Okawaru
 13920 | Lair:2   | Reached skill level 5 in Throwing
 14563 | Lair:1   | Noticed Grum
 14576 | Lair:1   | Killed Grum
 15297 | Lair:3   | Found a staircase to the Shoals.
 15309 | Lair:3   | Reached skill level 12 in Armour
 15317 | Lair:3   | Identified the +9 trident of Mutilation {freeze, +Blink
                  | Str-2 Stlth+}
 15495 | Lair:3   | Received a gift from Okawaru
 15778 | Lair:3   | Found a hole to the Spider Nest.
 16343 | Lair:4   | Noticed Sonja
 16346 | Lair:4   | Killed Sonja
 16668 | Lair:5   | Found a dark tunnel.
 16681 | Volcano  | Entered a volcano
 16846 | Lair:5   | Found a frozen archway.
 16886 | Lair:5   | Reached skill level 10 in Dodging
 16902 | IceCv    | Entered an ice cave
 17130 | IceCv    | Received a gift from Okawaru
 17214 | IceCv    | Identified the +4 ring mail "Usuol" {Will+}
 17406 | Lair:5   | Reached XP level 15. HP: 84/97 MP: 22/22
 17535 | Lair:5   | Reached skill level 5 in Evocations
 17544 | Lair:5   | Reached skill level 1 in Shields
 17874 | Lair:5   | Found a viscous altar of Jiyva.
 17875 | Lair:5   | Found a staircase to the Slime Pits.
 18266 | Lair:6   | Entered Level 6 of the Lair of Beasts
 18311 | Lair:6   | Identified the ring "Gyeckuc" {Wiz rC+}
 18326 | Lair:6   | Received a gift from Okawaru
 18812 | Lair:6   | Received a gift from Okawaru
 18894 | Lair:6   | Received a gift from Okawaru
 19014 | Lair:6   | Reached skill level 13 in Armour
 19260 | Lair:6   | Identified the +9 scale mail of Weirdness {rC+ Int+6 Dex-3}
                  | (Okawaru gifted it to you on level 6 of the Lair of Beasts)
 19260 | Lair:6   | Received a gift from Okawaru
 19378 | Shoals:1 | Entered Level 1 of the Shoals
 19485 | Arena    | Entered the Arena
 19627 | Shoals:1 | Found Kuacsas's Jewellery Shoppe.
 19638 | Shoals:1 | Bought the ring of Equivalence {Ice rPois Will+ Int+2} for
                  | 598 gold pieces
 20304 | Shoals:2 | Noticed Mlioglotl
 20311 | Shoals:2 | Noticed a tentacled starspawn
 20313 | Shoals:2 | Killed Mlioglotl
 20405 | Shoals:2 | Reached skill level 5 in Shields
 20405 | Shoals:2 | Reached XP level 16. HP: 27/105 MP: 23/23
 20606 | Shoals:2 | Noticed Donald
 20631 | Shoals:2 | Killed Donald
 20631 | Shoals:2 | Identified the +0 pair of gloves of Midsummer {rC++ Dex+6}
                  | (Okawaru gifted it to you on level 2 of the Shoals)
 20631 | Shoals:2 | Received a gift from Okawaru
 21093 | Shoals:2 | Noticed a fenstrider witch
 21100 | Shoals:2 | Killed a fenstrider witch
 21342 | Shoals:2 | Reached skill level 14 in Armour
 21506 | Arena    | Entered the Arena
 21668 | Shoals:2 | Received a gift from Okawaru
 21762 | Shoals:3 | Identified the +7 hunting sling of Esawkaru {freeze, rN+}
 22538 | Shoals:3 | Identified the +1 ring mail of the Skies Above {Int+5
                  | Slay+2}
 22571 | Shoals:4 | Entered Level 4 of the Shoals
 22659 | Arena    | Entered the Arena
 22811 | Shoals:4 | Received a gift from Okawaru
 22940 | Shoals:4 | Reached XP level 17. HP: 80/112 MP: 24/24
 22950 | Arena    | Entered the Arena
 22966 | Arena    | Reached skill level 5 in Stealth
 23009 | Arena    | Entered the Arena
 23251 | Shoals:4 | Identified the +6 mace of the Final Knives {drain, rC+
                  | Str-5 Int+3}
 23392 | Shoals:4 | Identified the +2 hunting sling of Slime {vorpal, rElec rC+
                  | MP-9 Str+5}
 23757 | Shoals:4 | Got a barnacled rune of Zot
 24133 | Spider:1 | Entered Level 1 of the Spider Nest
 24208 | Spider:1 | Reached skill level 15 in Fighting
 24351 | Spider:1 | Received a gift from Okawaru
 24989 | Spider:2 | Received a gift from Okawaru
 25098 | Spider:2 | Reached skill level 15 in Armour
 25246 | Spider:2 | Received a gift from Okawaru
 25712 | Spider:2 | Received a gift from Okawaru
 25948 | Spider:3 | Reached XP level 18. HP: 119/119 MP: 26/26
 26761 | Spider:4 | Entered Level 4 of the Spider Nest
 26801 | Spider:4 | Received a gift from Okawaru
 26946 | Spider:4 | Identified the +1 pair of gloves of the Past {Regen+ Str+7
                  | Slay-4} (Okawaru gifted it to you on level 4 of the Spider
                  | Nest)
 26946 | Spider:4 | Received a gift from Okawaru
 27967 | Spider:4 | Identified the +1 hat of Zyurodev {rCorr} (Okawaru gifted
                  | it to you on level 4 of the Spider Nest)
 27967 | Spider:4 | Received a gift from Okawaru
 28248 | Spider:4 | Got a gossamer rune of Zot
 28780 | D:12     | Identified the +2 pair of gloves of Thoughtfulness {rN+
                  | MP+9 Str+3}
 28902 | D:12     | Noticed Kirke
 28908 | D:12     | Reached skill level 10 in Stealth
 29065 | D:12     | Killed Kirke
 29126 | D:12     | Found Tyedauph's General Store.
 29225 | D:12     | Bought a lightning rod (4/4) for 450 gold pieces
 29225 | D:12     | Bought a potion of might for 60 gold pieces
 29225 | D:12     | Bought a potion of haste for 150 gold pieces
 29744 | D:13     | Reached skill level 10 in Throwing
 29759 | D:13     | Identified the ring of Lies {rC+ Dex+6}
 29762 | D:13     | Identified the ring "Veshikuu" {Drain Will- rCorr Int+6
                  | Dex+6}
 29965 | D:13     | Found a gate to the Vaults.
 30599 | D:14     | Reached XP level 19. HP: 115/125 MP: 27/27
 30677 | D:14     | Noticed Agnes
 30691 | D:14     | Killed Agnes
 30742 | D:14     | Found Saesakh's Weapon Boutique.
 31285 | D:15     | Entered Level 15 of the Dungeon
 31353 | D:15     | Found a transporter.
 31353 | D:15     | Noticed Mefeth's ghost (journeyman DgAE)
 31358 | D:15     | Found a transporter.
 31367 | D:15     | Gained mutation: You are occasionally teleported next to
                  | monsters. [a neqoxec]
 31404 | D:15     | Killed Mefeth's ghost
 31412 | D:15     | Identified a scroll of acquirement
 31413 | D:15     | Lost mutation: You are occasionally teleported next to
                  | monsters. [potion of mutation]
 31413 | D:15     | Gained mutation: You have sharp fingernails. [potion of
                  | mutation]
 31413 | D:15     | Gained mutation: You are somewhat resistant to further
                  | mutation. [potion of mutation]
 31414 | D:15     | Acquired the +1 cloak "Leorch" {rC+ rN+ MP+9}
 31638 | D:15     | Identified the +3 chain mail of Words of Power {-Tele rC+
                  | MP+9 SInv} (Okawaru gifted it to you on level 15 of the
                  | Dungeon)
 31638 | D:15     | Received a gift from Okawaru
 31828 | D:15     | Found a staircase to the Depths.
 32081 | D:15     | Found an ancient bone altar of Kikubaaqudgha.
 32359 | Elf:1    | Entered Level 1 of the Elven Halls
 32390 | Elf:1    | Found a radiant altar of Vehumet.
 32591 | Elf:1    | Found Kuonodgh's Armour Emporium.
 32595 | Elf:1    | Found Noohigy's Armour Emporium.
 32655 | Elf:1    | Reached skill level 15 in Maces & Flails
 33195 | Elf:1    | Got Zequod's Incunabulum of Evil
 33512 | Elf:2    | Found Pojaxzouda's Assorted Antiques.
 33779 | Elf:3    | Entered Level 3 of the Elven Halls
 33982 | Elf:2    | Paralysed by an air elemental for 1 turns
 34004 | Elf:2    | Found the +5 robe of Night {Dark Will+ SInv}
 34179 | Elf:2    | Found a huge runed translucent gate.
 34179 | Elf:2    | Found a huge runed translucent gate.
 34179 | Elf:2    | Found a huge runed translucent gate.
 34182 | Elf:2    | Found a huge runed translucent gate.
 34193 | Elf:2    | Found a huge runed translucent gate.
 34476 | Elf:2    | Identified the +0 storm dragon scales of Daffodils {rElec
                  | rC++} (Okawaru gifted it to you on level 2 of the Elven
                  | Halls)
 34476 | Elf:2    | Received a gift from Okawaru
 34550 | Elf:2    | Reached skill level 16 in Armour
 35203 | Elf:3    | Found a runed translucent gate.
 35203 | Elf:3    | Found a runed translucent gate.
 35204 | Elf:3    | Found a runed translucent gate.
 35206 | Elf:3    | Noticed flestrin's ghost (adept TeAE)
 35352 | Elf:3    | Paralysed by an air elemental for 1 turns
 35372 | Elf:3    | Paralysed by an air elemental for 1 turns
 35386 | Arena    | Entered the Arena
 35396 | Arena    | Killed flestrin's ghost
 35408 | Arena    | Gained mutation: You are strong-willed. (Will+) [mutagenic
                  | glow]
 35418 | Elf:3    | Gained mutation: You have a pair of small horns on your
                  | head. [mutagenic glow]
 35453 | Elf:3    | Identified the +0 pair of gloves of Wohaaj {rElec rPois rC+
                  | Will+}
 35533 | Elf:3    | Cast into level 2 of the Abyss (a deep elf demonologist)
 35561 | Abyss:2  | Paralysed by you for 2 turns
 35622 | Abyss:3  | Found a corrupted altar of Lugonu.
 35628 | Abyss:3  | Found a corrupted altar of Lugonu.
 35664 | Abyss:3  | Found a runed translucent door.
 35786 | Abyss:3  | Found a radiant altar of Vehumet.
 36014 | Abyss:3  | Paralysed by accursed screaming for 1 turns
 36018 | Abyss:3  | Paralysed by accursed screaming for 2 turns
 36029 | Abyss:3  | Paralysed by accursed screaming for 1 turns
 36118 | Elf:3    | Escaped the Abyss
 36130 | Elf:3    | Identified the +6 dagger "Xiagem" {drain, rF+ Int+3}
 36130 | Elf:3    | Identified the +10 glaive of Theory {flame, Will+ rCorr}
 36130 | Elf:3    | Identified the +7 hand crossbow of Psychosis {freeze,
                  | Int+4}
 36130 | Elf:3    | Identified the +9 morningstar "Reqompotz" {elec, Int+8
                  | Dex+4}
 36130 | Elf:3    | Identified the +10 spear of Dullness {protect, rF+}
 36213 | Elf:3    | Reached XP level 20. HP: 132/132 MP: 29/29
 36250 | Elf:3    | Noticed a Tzitzimitl
 36278 | Elf:3    | HP: 3/126 [deep elf death mage/bolt of negative energy (7)]
 36280 | Arena    | Entered the Arena
 36307 | Elf:3    | Noticed a Brimstone Fiend
 36515 | Elf:3    | Identified the +1 pair of gloves "Foqar" {Harm rPois Will+}
                  | (Okawaru gifted it to you on level 3 of the Elven Halls)
 36515 | Elf:3    | Received a gift from Okawaru
 37298 | Arena    | Entered the Arena
 37430 | Elf:3    | Identified the amulet of Cahyfaj {Acrobat Drain rPois rC+
                  | rN++}
 37604 | Elf:3    | Identified the +6 shortbow "Mahyis" {flame, Will+ Int+3}
 37868 | Elf:3    | Learned a level 2 spell: Wereblood
 38165 | Vaults:1 | Entered Level 1 of the Vaults
 38220 | Vaults:1 | Reached skill level 1 in Spellcasting
 38226 | Vaults:1 | Reached skill level 1 in Transmutations
 39589 | Vaults:2 | Received a gift from Okawaru
 39617 | Vaults:2 | Found Xaolithu's Jewellery Boutique.
 39625 | Vaults:2 | Bought an amulet of guardian spirit for 600 gold pieces
 39842 | Vaults:2 | Received a gift from Okawaru
 39852 | Vaults:2 | Found Kuniu's Distillery.
 39890 | Vaults:2 | Reached skill level 17 in Armour
 39896 | Vaults:2 | Reached XP level 21. HP: 139/139 MP: 30/30
 39927 | Vaults:2 | Found a magical portal.
 39945 | WizLab   | Entered The Chambers of the Cloud Mage
 39958 | WizLab   | Paralysed by you for 3 turns
 40043 | WizLab   | Paralysed by an air elemental for 1 turns
 40190 | WizLab   | Identified the ring of Moodiness {Fly rElec rC+ Str+4}
 40242 | WizLab   | Paralysed by an air elemental for 1 turns
 40248 | WizLab   | Paralysed by an air elemental for 1 turns
 40438 | WizLab   | Identified the +8 mace "Niegrij" {freeze, Int+3}
 40440 | WizLab   | Got the Almanac of the Birds
 40624 | Vaults:2 | Found Siuc's Armour Shop.
 40680 | Vaults:2 | Found Yzxotumo's Antique Weapon Shop.
 40950 | Orc:1    | Received a gift from Okawaru
 41339 | Vaults:2 | Received a gift from Okawaru
 41510 | Vaults:2 | Bought a potion of mutation for 152 gold pieces
 41510 | Vaults:2 | Bought a potion of heal wounds for 95 gold pieces
 41510 | Vaults:2 | Bought 2 potions of heal wounds for 190 gold pieces
 41755 | Vaults:2 | Found a staircase to the Crypt.
 41834 | Vaults:2 | Found Plog's Jewellery Shop.
 42222 | Vaults:3 | Received a gift from Okawaru
 42533 | Vaults:3 | Identified the +0 scale mail of the Hunter {rElec Str+2}
                  | (Okawaru gifted it to you on level 3 of the Vaults)
 42533 | Vaults:3 | Received a gift from Okawaru
 42538 | Vaults:3 | Reached skill level 15 in Dodging
 42812 | Vaults:3 | Noticed Saint Roka
 42830 | Vaults:3 | Killed Saint Roka
 43311 | Vaults:3 | Reached skill level 18 in Armour
 43328 | Vaults:3 | Cast into level 3 of the Abyss (vault warden)
 43458 | Abyss:3  | Noticed a bone dragon
 43484 | Abyss:3  | Paralysed by accursed screaming for 1 turns
 43488 | Abyss:3  | Killed a bone dragon
 43548 | Vaults:3 | Escaped the Abyss
 43896 | Vaults:3 | Found Esofoth's Book Shoppe.
 44071 | Vaults:4 | Reached XP level 22. HP: 115/147 MP: 31/31
 44234 | Vaults:4 | Identified the +1 pair of boots "Pehutsin" {Drain rPois rN+
                  | Will++} (Okawaru gifted it to you on level 4 of the Vaults)
 44234 | Vaults:4 | Received a gift from Okawaru
 45384 | Vaults:5 | Entered Level 5 of the Vaults
 45400 | Vaults:5 | Received a gift from Okawaru
 45409 | Arena    | Entered the Arena
 45526 | Vaults:5 | Reached skill level 19 in Armour
 45549 | Vaults:5 | Noticed an ancient lich
 45575 | Vaults:5 | Killed an ancient lich
 45597 | Vaults:5 | Received a gift from Okawaru
 45767 | Vaults:5 | Identified the +1 great sword of Balance {vorpal, Fragile
                  | rN++ Int-5 Dex+4}
 45857 | Vaults:5 | Identified the +7 whip of Cutepos {vorpal, Int+2}
 45872 | Vaults:5 | Noticed an ancient lich
 45872 | Vaults:5 | HP: 3/150 [tengu reaver/the +7 whip of Cutepos {vorpal,
                  | Int+2} (15)]
 45876 | Arena    | Entered the Arena
 45910 | Arena    | Killed an ancient lich
 45910 | Arena    | Received a gift from Okawaru
 45911 | Arena    | Reached XP level 23. HP: 64/155 MP: 6/32
 45972 | Vaults:5 | Received a gift from Okawaru
 46073 | Vaults:5 | Got a silver rune of Zot
 47159 | Vaults:5 | Received a gift from Okawaru
 47497 | Slime:1  | Entered Level 1 of the Pits of Slime
 47651 | Slime:2  | Noticed Dissolution
 47661 | Slime:1  | Paralysed by a floating eye for 3 turns
 47665 | Arena    | Entered the Arena
 47686 | Slime:1  | Paralysed by a floating eye for 2 turns
 48038 | Slime:1  | Killed Dissolution
 48093 | Arena    | Entered the Arena
 48385 | Slime:2  | Received a gift from Okawaru
 49241 | Slime:3  | Received a gift from Okawaru
 49597 | Slime:3  | Received a gift from Okawaru
 49873 | Slime:3  | Gained mutation: Your magical capacity is low. (-10% MP) [a
                  | shining eye]
 49991 | Slime:3  | Reached skill level 20 in Armour
 50524 | Slime:5  | Entered Level 5 of the Pits of Slime
 50549 | Slime:5  | Received a gift from Okawaru
 50689 | Slime:5  | Gained mutation: You are clumsy. (Dex -2) [a shining eye]
 50972 | Slime:5  | Reached XP level 24. HP: 163/163 MP: 29/29
 50988 | Slime:5  | Found a viscous altar of Jiyva.
 50988 | Slime:5  | Noticed the Royal Jelly
 51116 | Arena    | Entered the Arena
 51384 | Slime:5  | Killed the Royal Jelly
 51879 | Slime:5  | Identified the +11 fustibalus "Ifecayn" {speed, Will+
                  | Int+4}
 51886 | Slime:5  | Identified the +11 quarterstaff of Ryed {flame, rElec rN+
                  | Int+4}
 51917 | Slime:5  | Identified the ring "Qiraulyk" {Fly rPois Str+6}
 51926 | Slime:5  | Identified the amulet of Xitailoc {RegenMP Harm Int+3
                  | Slay-2}
 51936 | Slime:5  | Identified the +0 leather armour of the Centipede {rF+++
                  | Str+2 SInv Stlth-}
 51949 | Slime:5  | Got a slimy rune of Zot
 51984 | Slime:5  | Identified the +4 scale mail "Feplyura" {Dex+4}
 52297 | Temple   | Fell from the grace of Okawaru
 52297 | Temple   | Became a worshipper of the Shining One
 52580 | Crypt:1  | Entered Level 1 of the Crypt
 52636 | Crypt:1  | Reached * piety under the Shining One
 53054 | Crypt:1  | Reached ** piety under the Shining One
 53310 | Crypt:1  | Noticed Bai Suzhen
 53323 | Crypt:1  | Killed Bai Suzhen
 53547 | Crypt:1  | Reached *** piety under the Shining One
 53865 | Crypt:2  | Reached **** piety under the Shining One
 53977 | Crypt:1  | Reached skill level 10 in Shields
 54363 | Crypt:2  | Reached ***** piety under the Shining One
 54958 | Crypt:3  | Entered Level 3 of the Crypt
 55096 | Crypt:3  | Reached ****** piety under the Shining One
 55269 | Crypt:3  | Identified a +9 sacred scourge of holy wrath (a +9 vampiric
                  | demon whip blessed by the Shining One)
 55269 | Crypt:3  | Received a gift from the Shining One
 55502 | Crypt:3  | Found a staircase to the Tomb.
 55848 | Crypt:3  | Noticed Mennas
 55950 | Crypt:3  | Killed Mennas
 55979 | Crypt:3  | Noticed Jory
 55992 | Crypt:3  | Killed Jory
 56151 | Crypt:3  | Identified the +8 quick blade of the Bespelling Whale
                  | {vorpal, rElec Str+7 Dex+4}
 56296 | Crypt:3  | Reached XP level 25. HP: 169/169 MP: 29/29
 56403 | Crypt:3  | Noticed Vv
 56490 | Crypt:3  | Was forgiven by Okawaru
 56512 | Crypt:3  | Killed Vv
 56618 | Crypt:2  | Found an ancient bone altar of Kikubaaqudgha.
 56759 | Crypt:3  | Acquired a manual of Long Blades
 56762 | Crypt:3  | Identified the +0 scale mail "Vihos" {rN+}
 57221 | Depths:1 | Entered Level 1 of the Depths
 57246 | Depths:1 | Found a gateway to Hell.
 57577 | Depths:1 | Identified the +5 rapier of Exoneration {holy, Fragile rN+
                  | MP+9 Dex+3}
 57712 | Depths:1 | Found a one-way gateway to a ziggurat.
 58026 | Depths:2 | Found a one-way gate to the infinite horrors of the Abyss.
 58040 | Depths:2 | Found Teezoqeh's Assorted Antiques.
 58055 | Depths:2 | Found Teareicw's Weapon Emporium.
 58184 | Depths:2 | Found Ecesh's Antique Weapon Shop.
 58441 | Depths:2 | Found a one-way gate leading to the halls of Pandemonium.
 58494 | Depths:2 | Found Qutzaypi's Armour Shoppe.
 58591 | Depths:2 | Found a sparkling altar of Nemelex Xobeh.
 58892 | Depths:2 | Found Tyzecota's Distillery.
 58900 | Depths:2 | Bought a potion of curing for 60 gold pieces
 58900 | Depths:2 | Bought 2 potions of brilliance for 160 gold pieces
 58900 | Depths:2 | Bought a potion of haste for 200 gold pieces
 58900 | Depths:2 | Bought a potion of brilliance for 80 gold pieces
 59032 | Depths:3 | Found Enueh's Jewellery Shoppe.
 59034 | Depths:3 | Found Laotrost's Book Shop.
 59035 | Depths:3 | Found Gauby's Jewellery Shoppe.
 60361 | Depths:3 | Reached skill level 21 in Armour
 60924 | Depths:2 | Reached skill level 1 in Slings
 60953 | Depths:2 | Cast into level 3 of the Abyss (tengu reaver)
 61060 | Abyss:3  | Found a corrupted altar of Lugonu.
 61124 | Abyss:3  | Paralysed by accursed screaming for 1 turns
 61226 | Abyss:3  | Paralysed by accursed screaming for 1 turns
 61246 | Abyss:3  | Paralysed by accursed screaming for 1 turns
 61361 | Depths:2 | Escaped the Abyss
 61469 | Depths:4 | Entered Level 4 of the Depths
 61548 | Depths:3 | Reached skill level 5 in Slings
 61548 | Depths:3 | Reached XP level 26. HP: 165/177 MP: 30/30
 61925 | Depths:4 | Found Giobaa's Weapon Boutique.
 61938 | Depths:4 | Reached skill level 10 in Slings
 61963 | Depths:4 | Noticed Sojobo
 61981 | Depths:4 | Killed Sojobo
 62180 | Depths:4 | Identified the +2 long sword of Boizu {speed, Will+}
 62494 | Depths:4 | Found a gate to the Realm of Zot.
 63112 | Orc:2    | Bought a runed crystal plate armour for 2822 gold pieces
 63380 | Depths:2 | Bought a scroll of enchant armour for 360 gold pieces
 63811 | Depths:3 | Bought the ring "Ymalac" {rC+ AC+4 Int+4 Dex-4 Stlth+} for
                  | 950 gold pieces
 63877 | Depths:3 | Voluntarily entered the Abyss.
 64309 | Abyss:3  | Gained mutation: You are weak. (Str -2) [a cacodemon]
 64321 | Abyss:3  | Reached skill level 15 in Slings
 64321 | Abyss:3  | Reached XP level 27. HP: 171/182 MP: 30/30
 64321 | Abyss:3  | Got an abyssal rune of Zot
 64410 | Depths:3 | Escaped the Abyss
 64569 | Depths:3 | Bought the ring "Ytotauss" {+Blink rF+ rC- rN+++ Stlth+}
                  | for 948 gold pieces
 64609 | Pan      | Entered Pandemonium
 64702 | Pan      | Paralysed by accursed screaming for 1 turns
 65030 | Pan      | Found a transporter.
 65236 | Pan      | Found a transporter.
 65494 | Pan      | Identified the ring of Bynwy {Drain rC+ Str-5 Dex+8 Stlth+}
 65498 | Pan      | Identified the ring "Peafovisali" {rElec rPois rF+ Will++}
 65725 | Pan      | Noticed Rist the pandemonium lord
 65741 | Pan      | Killed Rist the pandemonium lord
 65965 | Pan      | Identified the +0 ring mail of Nunneup {Str+5}
 66158 | Pan      | Entered the realm of Mnoleg.
 66215 | Pan      | Gained mutation: Your spells are a little easier to cast,
                  | but a little less powerful. [a cacodemon]
 66219 | Pan      | Reached skill level 10 in Evocations
 66274 | Pan      | Paralysed by a floating eye for 3 turns
 66283 | Pan      | Paralysed by a floating eye for 2 turns
 66299 | Pan      | Gained mutation: Your body sometimes deteriorates upon
                  | taking damage. [a neqoxec]
 66303 | Pan      | Paralysed by a floating eye for 2 turns
 66358 | Pan      | Noticed Mnoleg
 66371 | Pan      | Killed Mnoleg
 66397 | Pan      | Reached skill level 15 in Shields
 66404 | Pan      | Gained mutation: You sometimes lose the ability to read
                  | scrolls when taking damage. [a neqoxec]
 66429 | Pan      | Got a glowing rune of Zot
 66453 | Pan      | Got Tifytiup's Guide on the Entourage
 66511 | Pan      | Gained mutation: You have a somewhat thin skeletal
                  | structure. (Dex +2, Stealth+) [a neqoxec]
 66528 | Pan      | Gained mutation: You have a pair of horns on your head. [a
                  | neqoxec]
 66607 | Pan      | Gained mutation: You are very clumsy. (Dex -4) [a
                  | cacodemon]
 66613 | Pan      | Reached skill level 15 in Invocations
 67106 | Pan      | Gained mutation: You tend to lose your temper in combat. [a
                  | neqoxec]
 67130 | Pan      | Lost mutation: You are weak. (Str -2) [potion of mutation]
 67130 | Pan      | Lost mutation: You are somewhat resistant to further
                  | mutation. [potion of mutation]
 67130 | Pan      | Lost mutation: You tend to lose your temper in combat.
                  | [potion of mutation]
 67130 | Pan      | Lost mutation: You have a pair of horns on your head.
                  | [potion of mutation]
 67130 | Pan      | Gained mutation: You are frail. (-10% HP) [potion of
                  | mutation]
 67131 | Pan      | Lost mutation: You are very clumsy. (Dex -4) [potion of
                  | mutation]
 67131 | Pan      | Lost mutation: You are clumsy. (Dex -2) [potion of
                  | mutation]
 67131 | Pan      | Gained mutation: Your flesh is heat resistant. (rF+)
                  | [potion of mutation]
 67132 | Pan      | Lost mutation: You have sharp fingernails. [potion of
                  | mutation]
 67132 | Pan      | Lost mutation: You have a pair of small horns on your head.
                  | [potion of mutation]
 67132 | Pan      | Lost mutation: Your flesh is heat resistant. (rF+) [potion
                  | of mutation]
 67132 | Pan      | Gained mutation: You passively dampen the noise of your
                  | surroundings. [potion of mutation]
 67132 | Pan      | Gained mutation: You are agile. (Dex +2) [potion of
                  | mutation]
 67133 | Pan      | Lost mutation: You sometimes lose the ability to read
                  | scrolls when taking damage. [potion of mutation]
 67133 | Pan      | Lost mutation: Your spells are a little easier to cast, but
                  | a little less powerful. [potion of mutation]
 67133 | Pan      | Lost mutation: You are strong-willed. (Will+) [potion of
                  | mutation]
 67133 | Pan      | Gained mutation: You have a pair of small antennae on your
                  | head. [potion of mutation]
 67167 | Pan      | Entered the realm of Cerebov.
 67260 | Pan      | Found an exit through the horrors of the Abyss.
 67756 | Pan      | Found the +6 sword of Cerebov {flame}
 67756 | Pan      | Noticed Cerebov
 68322 | Pan      | Killed Cerebov
 68345 | Pan      | Got a fiery rune of Zot
 68374 | Pan      | Identified the ring "Gilyas" {rF+ Will+}
 68454 | Pan      | Got the Collected Works on Toxins and the Blaze
 68477 | Pan      | Got the Compendium of Flamy Changing
 68497 | Pan      | Identified the +1 leather armour "Tafall" {Int+7}
 68780 | Pan      | Identified the +1 short sword of Harmony {elec, rF+ rCorr
                  | MP+9}
 68836 | Pan      | Gained mutation: You sometimes lose the ability to read
                  | scrolls when taking damage. [a neqoxec]
 68837 | Pan      | Gained mutation: You have hidden genetic defects. [a
                  | neqoxec]
 68854 | Pan      | Lost mutation: You have a pair of small antennae on your
                  | head. [potion of mutation]
 68854 | Pan      | Lost mutation: You are frail. (-10% HP) [potion of
                  | mutation]
 68854 | Pan      | Lost mutation: Your body sometimes deteriorates upon taking
                  | damage. [potion of mutation]
 68854 | Pan      | Lost mutation: You have hidden genetic defects. [potion of
                  | mutation]
 68854 | Pan      | Gained mutation: You are frail. (-10% HP) [potion of
                  | mutation]
 68855 | Pan      | Lost mutation: You sometimes lose the ability to read
                  | scrolls when taking damage. [potion of mutation]
 68855 | Pan      | Lost mutation: You passively dampen the noise of your
                  | surroundings. [potion of mutation]
 68855 | Pan      | Gained mutation: You expend magic power (3 MP) to
                  | strengthen your wands. [potion of mutation]
 68855 | Pan      | Gained mutation: You have hidden genetic potential. [potion
                  | of mutation]
 68855 | Pan      | Gained mutation: Your spells are a little harder to cast,
                  | but a little more powerful. [potion of mutation]
 68900 | Pan      | Noticed Ruistraett the pandemonium lord
 68916 | Pan      | Killed Ruistraett the pandemonium lord
 68949 | Pan      | Got a demonic rune of Zot
 68991 | Pan      | Identified the +2 helmet "Dioweluj" {rC- Str-5 Int+8 Dex+4}
 69713 | Pan      | Gained mutation: You occasionally shout uncontrollably at
                  | your foes. [a neqoxec]
 69782 | Pan      | Noticed Kocuff Joda the pandemonium lord
 69800 | Pan      | Killed Kocuff Joda the pandemonium lord
 70042 | Pan      | Gained mutation: You are weak. (Str -2) [a cacodemon]
 70138 | Depths:2 | Escaped Pandemonium
 70214 | Zot:1    | Entered Level 1 of the Realm of Zot
 70893 | Zot:1    | Reached skill level 22 in Armour
 71130 | Zot:2    | Noticed an orb of fire
 71143 | Zot:2    | Lost mutation: You are agile. (Dex +2) [an orb of fire]
 71145 | Zot:2    | Killed an orb of fire
 71273 | Zot:2    | Noticed Parghit
 71576 | Zot:2    | Identified the +7 dire flail "Zemyhug" {freeze, rElec}
 71729 | Zot:2    | Killed Parghit
 72117 | Zot:2    | Identified the +2 robe of Nuitren {Str+2 Int-5 Dex+4 SInv}
 72729 | Zot:3    | Noticed an orb of fire
 72739 | Zot:3    | Gained mutation: You are very frail. (-20% HP) [an orb of
                  | fire]
 72742 | Zot:3    | Gained mutation: You frequently scream uncontrollably at
                  | your foes. [an orb of fire]
 72745 | Zot:3    | Gained mutation: Your magical capacity is very low. (-20%
                  | MP) [an orb of fire]
 72748 | Zot:3    | Gained mutation: You do not regenerate when monsters are
                  | visible. [an orb of fire]
 72759 | Zot:3    | Killed an orb of fire
 72945 | Zot:3    | Gained mutation: You are agile. (Dex +2) [hidden potential]
 73310 | Zot:3    | Found a runed translucent gate.
 73310 | Zot:3    | Found a runed translucent gate.
 73310 | Zot:3    | Found a runed translucent gate.
 73310 | Zot:3    | Noticed a dread lich
 73311 | Zot:3    | Found an ancient bone altar of Kikubaaqudgha.
 73311 | Zot:3    | Noticed a dread lich
 73311 | Zot:3    | Noticed Lerari's ghost (legendary DsCj)
 73311 | Zot:3    | Noticed Ustik's ghost (legendary GrMo)
 73311 | Zot:3    | Noticed an ancient lich
 73882 | Zot:3    | Killed a dread lich
 73890 | Zot:3    | Killed a dread lich
 73899 | Zot:3    | Killed an ancient lich
 73900 | Zot:3    | Killed Lerari's ghost
 73908 | Zot:3    | Killed Ustik's ghost
 73927 | Zot:3    | Identified the +0 cloak of Spite {rN+ Str+5}
 73930 | Zot:3    | Identified the amulet of Mutualism {Acrobat +Blink rF+++
                  | Int-5 SInv}
 74940 | Zot:4    | Reached skill level 23 in Armour
 75602 | Zot:4    | Lost mutation: Your magical capacity is very low. (-20% MP)
                  | [potion of mutation]
 75602 | Zot:4    | Lost mutation: You are very frail. (-20% HP) [potion of
                  | mutation]
 75602 | Zot:4    | Lost mutation: You have hidden genetic potential. [potion
                  | of mutation]
 75602 | Zot:4    | Gained mutation: You are partially covered in iridescent
                  | scales. (AC +2) [potion of mutation]
 75602 | Zot:4    | Gained mutation: Your mind is acute. (Int +2) [potion of
                  | mutation]
 75603 | Zot:4    | Lost mutation: You expend magic power (3 MP) to strengthen
                  | your wands. [potion of mutation]
 75603 | Zot:4    | Lost mutation: Your magical capacity is low. (-10% MP)
                  | [potion of mutation]
 75603 | Zot:4    | Gained mutation: Your magical capacity is low. (-10% MP)
                  | [potion of mutation]
 75603 | Zot:4    | Gained mutation: Your mind is very acute. (Int +4) [potion
                  | of mutation]
 75604 | Zot:4    | Lost mutation: Your spells are a little harder to cast, but
                  | a little more powerful. [potion of mutation]
 75604 | Zot:4    | Lost mutation: You are weak. (Str -2) [potion of mutation]
 75604 | Zot:4    | Gained mutation: You are partially covered in large bone
                  | plates. (SH +4) [potion of mutation]
 75605 | Zot:4    | Lost mutation: You are agile. (Dex +2) [potion of mutation]
 75605 | Zot:4    | Lost mutation: You frequently scream uncontrollably at your
                  | foes. [potion of mutation]
 75605 | Zot:4    | Lost mutation: You do not regenerate when monsters are
                  | visible. [potion of mutation]
 75957 | Zot:4    | Found a burning altar of Makhleb.
 76193 | Pan      | Entered the realm of Gloorx Vloq.
 76193 | Pan      | Entered Pandemonium
 76814 | Pan      | Reached skill level 15 in Throwing
 76854 | Pan      | Noticed Gloorx Vloq
 76863 | Pan      | Killed Gloorx Vloq
 76870 | Pan      | Got a dark rune of Zot
 77296 | Pan      | Entered the realm of Lom Lobon.
 77550 | Pan      | Noticed Lom Lobon
 77602 | Pan      | Killed Lom Lobon
 77665 | Pan      | Got a magical rune of Zot
 78629 | Pan      | Noticed Qekhok the pandemonium lord
 78637 | Pan      | Killed Qekhok the pandemonium lord
 79042 | Pan      | Found an exit through the horrors of the Abyss.
 79256 | Pan      | Noticed Elokar the pandemonium lord
 79271 | Pan      | Killed Elokar the pandemonium lord
 79311 | Pan      | Found an exit through the horrors of the Abyss.
 79448 | Pan      | Reached skill level 24 in Armour
 80220 | Pan      | Identified the +1 chain mail "Benaz" {Will+ Regen+ Str+2
                  | Slay-5}
 80607 | Pan      | Noticed Cazeasky the pandemonium lord
 80621 | Pan      | Killed Cazeasky the pandemonium lord
 81470 | Pan      | Noticed Itaghamm the pandemonium lord
 81479 | Pan      | Killed Itaghamm the pandemonium lord
 81529 | Pan      | Found an exit through the horrors of the Abyss.
 82285 | Pan      | Found an exit through the horrors of the Abyss.
 82295 | Pan      | Identified the +1 chain mail "Qithre" {Rampage rF+ Str+3}
 82465 | Pan      | Noticed Jaqal Ituom the pandemonium lord
 82478 | Pan      | Gained mutation: You frequently scream uncontrollably at
                  | your foes. [a neqoxec]
 82512 | Pan      | Killed Jaqal Ituom the pandemonium lord
 82820 | Pan      | Noticed Viofau the pandemonium lord
 82827 | Pan      | Reached skill level 25 in Armour
 82833 | Pan      | Killed Viofau the pandemonium lord
 83008 | Pan      | Found an exit through the horrors of the Abyss.
 83390 | Pan      | Gained mutation: Potions are less effective at restoring
                  | your health. [a neqoxec]
 83654 | Pan      | Identified the +6 war axe "Embalmer" {freeze, rF+ Str+2}
 83782 | Pan      | Lost mutation: You frequently scream uncontrollably at your
                  | foes. [a neqoxec]
 83903 | Pan      | Found an exit through the horrors of the Abyss.
 84115 | Pan      | Gained mutation: You are very frail. (-20% HP) [a neqoxec]
 84152 | Pan      | Noticed Legh the pandemonium lord
 84166 | Pan      | Killed Legh the pandemonium lord
 84488 | Pan      | Noticed a seraph
 84502 | Pan      | Killed a seraph
 84521 | Pan      | Found a glowing golden altar of the Shining One.
 84530 | Pan      | Identified the +3 cloak of Death Resistance {rF++ Int+3
                  | SInv}
 84537 | Pan      | Identified the +7 hand axe "Gono" {venom, rElec SInv}
 84539 | Pan      | Identified the +11 rapier of Histrionic Honour {antimagic,
                  | rElec rF+ rC+ SInv}
 84550 | Pan      | Identified the +4 robe of the Secret Allies {Regen+ Int-2
                  | Dex+2}
 85382 | Pan      | Reached skill level 26 in Armour
 86515 | Pan      | Found a glowing silver altar of Zin.
 86572 | Pan      | Fell from the grace of the Shining One
 86572 | Pan      | Became a worshipper of Zin the Law-Giver
 86572 | Pan      | Reached * piety under Zin
 86572 | Pan      | Reached ** piety under Zin
 86572 | Pan      | Reached *** piety under Zin
 86572 | Pan      | Reached **** piety under Zin
 86619 | Pan      | Donated 2644 gold pieces to Zin
 86756 | Pan      | Reached ***** piety under Zin
 87166 | Depths:4 | Escaped Pandemonium
 87212 | Pan      | Entered Pandemonium
 87292 | Pan      | Noticed Esuek the pandemonium lord
 87563 | Pan      | Killed Esuek the pandemonium lord
 87774 | Pan      | Learned a level 4 spell: Airstrike
 87868 | Pan      | Reached skill level 1 in Air Magic
 88030 | Pan      | Reached ****** piety under Zin
 88976 | Pan      | Lost mutation: Potions are less effective at restoring your
                  | health. [potion of mutation]
 88976 | Pan      | Lost mutation: You are very frail. (-20% HP) [potion of
                  | mutation]
 89456 | Pan      | Found a runed translucent door.
 89464 | Pan      | Identified the +1 plate armour "Detelistri" {rC- Str+4
                  | Dex+10}
 90104 | Pan      | Killed from afar by a hellion

Illustrated notes

Levels and vault maps discovered:
D:1:      roderic_chinese_lattice_arrival, layout_rooms, solitary_fountain,
          minmay_crystal_room, minmay_box_of_dots
D:2:      layout_loops_ring, shapermc_ecumenical_altar_mp_urbaneastern,
          grunt_decor_arrowhead, kennysheep_pointless_box, chequers_avenue,
          uniq_jessica
D:3:      layout_loops_ring, minmay_puff
D:4:      layout_loops_cross, minitemple, serial_shops, shop_coins,
          nicolae_shop_window_shopping, kennysheep_generic_room_5
D:5:      layout_cave_pools, mainiacjoe_overflow_alcove_4,
          amcnicky_altar_gilded, nicolae_wu_jian_immortal_techniques,
          minmay_temple_entry_water_ring, ebering_ghost_reflecting_pool,
          nrook_uturn, serial_bayou_pond_d, fountainhead, minmay_bent,
          uniq_pikel
D:6:      layout_basic, st_stairs_10
D:7:      layout_loops_ring, feat_on_display, uniq_joseph
D:8:      layout_loops_ring, makhleb_blood_cavern_becter, kennysheep_little_box,
          minmay_mini_ossuary
D:9:      layout_gridville, nicolae_qazlal_general_emergency
D:10:     layout_irregular_city, dancing_weapons_uskayaw, erik_lair_island,
          serial_shops, nicolae_shop_temple_entry_statues_fountains,
          uniq_amaemon
D:11:     layout_stronghold, david_orc_3, uniq_lodul
D:12:     layout_roguey, serial_shops, nicolae_shop_window_shopping, uniq_kirke
D:13:     layout_rooms, ximxim_vaults_locker_room, minivault_15
D:14:     layout_roguey, serial_shops, shop_coins, uniq_agnes
D:15:     gammafunk_enter_depths_forms, layout_rooms, lemuel_round_altar,
          gammafunk_ghost_stat_death, corexii_hall_statues_x
Temple:   minmay_temple_forest_path
Lair:1:   beast_lair_carwin_large_2, layout_cave_shapes,
          chequers_serial_rivers_micro_a, chequers_serial_rivers_micro_c,
          grunt_megastairs_5, uniq_harold, uniq_grum
Lair:2:   layout_cave_pods, lemuel_fruit_fields
Lair:3:   layout_misc_corridors, minmay_shoals_entry_beasts,
          spider_nest_entry_funnel_web, wad_woods_river_01
Lair:4:   layout_regular_city, uniq_sonja
Lair:5:   layout_hall_layers, dpeg_slime_entry_enclosed_altar,
          portal_ice_cave_entry_animals_and_master, nicolae_volcano_entry_s_turn
Lair:6:   hangedman_lair_tendril_chambers, layout_regular_city
Shoals:1: layout_shoals, serial_shops, nicolae_square_shop,
          nicolae_shoals_so_close
Shoals:2: layout_shoals, nicolae_shoals_beach_house_on_fowls_legs,
          uniq_mlioglotl, uniq_donald
Shoals:3: layout_shoals, nicolae_shoals_undead_eyrie
Shoals:4: shoals_end_simple, layout_shoals, nicolae_shoals_stone_sculpture_thing
Spider:1: layout_spider_delve
Spider:2: spiders_nest_scorpion_pit, nicolae_spider_orb_run
Spider:3: layout_spider_delve
Spider:4: grunt_spider_rune_circles
Slime:1:  layout_caves
Slime:2:  layout_caves, dissolution_awaits
Slime:3:  cheibrodos_slime_lost_civilization_3, layout_caves,
          nicolae_slime_barrier
Slime:4:  layout_caves
Slime:5
Orc:1:    layout_caves, chequers_guarded_unrand_ignorance
Orc:2:    grunt_orc_community_town_hall, layout_caves,
          grunt_orc_community_big_house_2, grunt_orc_community_big_house_2,
          grunt_orc_community_house_3, grunt_orc_community_house_1,
          grunt_orc_community_house_3, grunt_orc_community_house_1,
          serial_shops, shop, uniq_maurice
Elf:1:    eino_elf_arrival_altar, layout_onion_city, minmay_elf_necromancy,
          minmay_shop_star
Elf:2:    elven_hall_of_blades_hangedman_alternative
          [nicolae_blade_little_rooms], layout_onion_city, serial_shops, shop
Elf:3:    minmay_elf_hall_hex, layout_rooms, gammafunk_ghost_tricky_traps
Vaults:1: vaults_dpeg_cross, vaults_dpeg_spiral, nicolae_vaults_asterisk,
          hangedman_vaults_restitches, nicolae_vaults_inception_corners,
          nicolae_vaults_puzzle_piece, vaults_dpeg_doors,
          nicolae_vaults_twisting_passages, v_misc_2, vaults_room_corners,
          nicolae_vaults_angled_halls, layout_vaults_omnibox
Vaults:2: mu_enter_wizlab_5, minmay_crypt_entry_simple_sparse,
          hangedman_vaults_maws, nicolae_vaults_little_squares_4,
          ontoclasm_vaults_decontamination, ontoclasm_vaults_gallery,
          dpeg_vaults_monster_row, vaults_mumra_lcd,
          nicolae_vaults_ring_of_whatevers, ontoclasm_vaults_ligature,
          v_misc_18, nicolae_vaults_little_squares_4, layout_vaults_ring,
          serial_shops, nicolae_diamond_shop, shop, nicolae_shop_statue_plus,
          shop, shop
Vaults:3: vaults_room_stairs_pillars, hangedman_vaults_corner, kb_rosetta,
          ontoclasm_vaults_ring_small, v_misc_1, nicolae_vaults_border_crossing,
          hangedman_vaults_trim, nicolae_vaults_yaktaur_gun_rack,
          hangedman_vaults_snaps, layout_vaults_quadrants, serial_shops,
          nicolae_square_shop, uniq_saint_roka
Vaults:4: v_misc_11, v_pattern_4, v_misc_3, hangedman_vaults_trim,
          nicolae_vaults_circle_grid_a, v_misc_22, vaults_mumra_hex,
          layout_vaults_big_room
Vaults:5
Crypt:1:  layout_chaotic_city, grunt_megastairs_1, uniq_bai_suzhen
Crypt:2:  layout_misc_corridors, amcnicky_mini_rare_corridor_liquid,
          lemuel_upstairs_altar, grunt_megastairs_2, lemuel_elevator
Crypt:3:  due_elkab, layout_chaotic_city, uniq_vv, uniq_mennas
Depths:1: layout_twisted_cross, enter_ziggurat_f, minmay_misc_feat_tiny,
          pf_hell_entry_tar_river, serial_bayou_crossing
Depths:2: minmay_isolated_rectangles_in_corner, layout_gridville,
          pf_coc_iceberg, serial_shops, shop, nicolae_shop_advertising_works
          [nicolae_subvault_shop_adworks], shop, nicolae_shop_hallway_plus,
          shop, nemelex_diamond_rough_becter, grunt_pan_entry_in_and_out,
          abyss_entry_glasseish, grunt_ministairs_2
Depths:3: kennysheep_room_grid, layout_cave_pools, minmay_room_of_horrors,
          chequers_serial_rivers_micro_d, hell_entry, minmay_misc_feat_enclosed,
          serial_bayou_shore_a, serial_bayou_shore_b,
          infiniplex_staircase_zigzag_3, minmay_shop_grove
Depths:4: evilmike_zot_entry_basic, layout_cave_pools,
          grunt_hell_entry_demonic_statue, serial_shops,
          nicolae_shop_competitors_out_of_business, hangedman_decor_growths,
          grunt_pan_entry_zigzag, minmay_mirror_moons_of_madness, uniq_sojobo
Zot:1:    layout_misc_corridors, guppyfry_library_mini
Zot:2:    layout_gridville, uniq_parghit
Zot:3:    layout_basic, gammafunk_ghost_crypt, st_small_dragon_hoard_5
Zot:4:    nicolae_zot_draconian_monastery, layout_onion
Pan:      gammafunk_dig_for_victory, layout_pan_divisions_a
          [pan_division_quadrant_a1, pan_division_quadrant_a4,
          pan_division_quadrant_a3, pan_division_quadrant_a4,
          pan_division_octagon_empty], pan_blood_fountain,
          pan_blood_fountain_small, nicolae_pan_sigil_itan,
          nicolae_pan_lom_lobonic_3, grunt_pan_zigzag, layout_rooms,
          nicolae_pan_sigil_nadil, evilmike_mnoleg_eyes, layout_grid_shapes,
          nicolae_pan_cerebovesque_2, cerebov, layout_gridlike,
          pan_blood_fountain_small, rand_demon_6, layout_irregular_city,
          reaverb_pan_chaos_star, nicolae_pan_cerebovesque_3,
          evilmike_mini_pan_branches, layout_gridlike,
          gloorx_vloq_grunt_torture_chamber, layout_gridlike,
          pan_blood_fountain, lom_lobon, layout_chambers, evilmike_mini_pan_3x3,
          layout_gridlike, rand_demon_6, layout_pan_divisions_a
          [pan_division_quadrant_a4, pan_division_quadrant_a1,
          pan_division_quadrant_a3, pan_division_quadrant_a2,
          pan_division_octagon_box], nicolae_pan_sick_transit,
          lemuel_hall_of_pain, layout_gridlike, nicolae_pan_double_arrow,
          layout_grid_shapes, evilmike_mini_pan_doors_b, layout_pan_divisions_a
          [pan_division_quadrant_a1, pan_division_quadrant_a3,
          pan_division_quadrant_a4, pan_division_quadrant_a3,
          pan_division_octagon_halves], nicolae_pan_cerebovesque_4,
          evilmike_mini_pan_thingy, layout_small_grid, rand_demon_4,
          layout_cellular_growth, pan_blood_fountain_2,
          pan_blood_fountain_small, nicolae_pan_sigil_obb, evilmike_holy_pan,
          regret_index_pan_draining_boxed, layout_chambers,
          pan_blood_fountain_small, evilmike_mini_pan_corridor, layout_basic

Skill      XL: |  1  2  3  4  5  6  7  8  9 10 11 12 13 14 15 16 17 18 19 20 21 22 23 24 25 26 27 |
---------------+----------------------------------------------------------------------------------+-----
Throwing       | 2 3 4 6 7 8 10 11 12 13 14 15 | 15.3
Fighting       | 3 4 5 6 8 9 10 11 12 13 14 15 16 17 18 19 20 21 24 | 24.1
Armour         | 1 2 4 5 6 7 8 10 11 12 13 14 15 16 17 18 19 20 21 26 | 26.6
Dodging        | 3 4 5 6 7 8 9 10 11 12 13 15 16 17 18 20 | 20.3
Stealth        | 1 3 4 8 10 | 10.0
Maces & Flails | 4 5 6 7 8 10 11 12 13 14 15 16 17 18 19 22 | 22.4
Invocations    | 4 7 9 10 11 12 13 14 20 | 20.0
Evocations     | 2 4 5 7 8 13 | 13.0
Shields        | 5 6 8 9 10 11 20 | 20.0
Spellcasting   | 3 4 |  4.8
Transmutations | 3 |  3.0
Slings         | 5 15 | 15.6
Air Magic      | 4 |  4.7

Action                   |  1- 3 |  4- 6 |  7- 9 | 10-12 | 13-15 | 16-18 | 19-21 | 22-24 | 25-27 || total
-------------------------+-------+-------+-------+-------+-------+-------+-------+-------+-------++-------
Melee: Flail             |   100 |    46 |       |       |       |       |       |       |       ||   146
       Punch             |     1 |     1 |     1 |     5 |       |       |       |       |       ||     8
       Trident           |       |   120 |   266 |   666 |       |   378 |       |       |       ||  1430
       Demon whip        |       |       |       |   228 |  1493 |  1743 |  2189 |   987 |       ||  6640
       Unarmed           |       |       |       |       |       |     6 |       |       |       ||     6
       Headbutt          |       |       |       |       |       |       |   467 |   771 |   790 ||  2028
       Morningstar       |       |       |       |       |       |       |    82 |   776 |   775 ||  1633
       Sacred scourge    |       |       |       |       |       |       |       |   335 |  4619 ||  4954
 Fire: Hunting sling     |       |       |       |       |       |     3 |       |       |       ||     3
       Fustibalus        |       |       |       |       |       |       |       |       |   130 ||   130
Throw: Dart              |     3 |     3 |     5 |    12 |    16 |       |     3 |     5 |     5 ||    52
       Javelin           |       |     2 |     1 |    12 |     5 |    18 |    69 |   171 |   351 ||   629
       Throwing net      |       |       |     5 |     1 |       |       |     1 |     4 |     1 ||    12
       Boomerang         |       |       |       |    14 |    51 |    68 |   192 |   226 |   237 ||   788
 Cast: Airstrike         |       |       |       |       |       |       |       |       |    10 ||    10
Invok: Finesse           |       |       |       |     3 |     4 |     8 |    10 |     7 |       ||    32
       Heroism           |       |       |       |     2 |     3 |     3 |     4 |     5 |       ||    17
       Duel              |       |       |       |       |     1 |     4 |     3 |     5 |       ||    13
       Divine Shield     |       |       |       |       |       |       |       |     3 |    21 ||    24
       Brand Weapon With |       |       |       |       |       |       |       |     1 |       ||     1
       Cleansing Flame   |       |       |       |       |       |       |       |       |    21 ||    21
       Summon Divine War |       |       |       |       |       |       |       |       |   105 ||   105
       Recite            |       |       |       |       |       |       |       |       |     4 ||     4
       Vitalisation      |       |       |       |       |       |       |       |       |     2 ||     2
       Sanctuary         |       |       |       |       |       |       |       |       |     1 ||     1
       Donate Gold       |       |       |       |       |       |       |       |       |     1 ||     1
 Abil: Evoke Blink       |       |       |       |       |       |     1 |       |       |     1 ||     2
Evoke: Wand              |       |       |    11 |     9 |    29 |    15 |     6 |     7 |    17 ||    94
       Lightning rod     |       |       |       |       |       |       |    21 |    12 |    12 ||    45
       Tin of tremorston |       |       |       |       |       |       |     3 |    10 |     9 ||    22
       Condenser vane    |       |       |       |       |       |       |     3 |     4 |     2 ||     9
       Box of beasts     |       |       |       |       |       |       |       |     3 |     8 ||    11
       Phantom mirror    |       |       |       |       |       |       |       |     2 |    15 ||    17
  Use: Potion            |     4 |     4 |       |       |     2 |     6 |    19 |    23 |    23 ||    81
       Scroll            |       |     4 |     4 |    10 |    12 |    13 |    19 |     9 |    26 ||    97
 Stab: Invisible         |       |     1 |       |       |     1 |       |       |       |       ||     2
       Sleeping          |       |       |       |     5 |       |     9 |    12 |     2 |       ||    28
       Held in net/web   |       |       |       |     1 |       |       |       |       |       ||     1
       Distracted        |       |       |       |     1 |       |     3 |       |       |       ||     4
       Paralysed         |       |       |       |       |       |     3 |       |    14 |       ||    17
       Confused          |       |       |       |       |       |       |     1 |       |     1 ||     2
Armor: Leather armour    |    19 |       |       |       |       |       |       |       |       ||    19
       Scale mail        |    21 |    73 |   277 |   182 |   561 |  1500 |   718 |   903 |   574 ||  4809
       Skin              |       |    32 |       |       |       |       |       |       |     2 ||    34
       Ring mail         |       |       |       |   423 |    98 |       |       |       |       ||   521
       Robe              |       |       |       |       |       |       |   115 |       |       ||   115
       Crystal plate arm |       |       |       |       |       |       |       |       |  1478 ||  1478
Dodge: Dodged            |    66 |   112 |   227 |   797 |   785 |  1686 |   923 |   765 |  1381 ||  6742
Block: Buckler           |       |       |       |    75 |   198 |   611 |   343 |       |       ||  1227
       Tower shield      |       |       |       |       |       |       |   680 |  2791 |  6800 || 10271

Table legend: (Time is in decaauts)
 A = Elapsed time spent in this place.
 B = Non-inter-level travel time spent in this place.
 C = Inter-level travel time spent in this place.
 D = Time resting spent in this place.
 E = Time spent auto-exploring this place.
 F = Levels seen in this place.
 G = Mean time per level.
                   A        B        C        D        E       F      G
               +--------+--------+--------+--------+--------+-----+--------+
         Total |  85979 |  77856 |   8123 |   5067 |  41329 |  97 |  886.4 |
       Dungeon |  16467 |  13511 |   2956 |    695 |   8988 |  15 | 1097.8 |
        Temple |    669 |    539 |    130 |      0 |    524 |   1 |  669.0 |
          Lair |   6188 |   5333 |    855 |    169 |   3820 |   6 | 1031.3 |
        Shoals |   4382 |   4158 |    224 |    410 |   2228 |   4 | 1095.5 |
   Spider Nest |   3874 |   3376 |    498 |    255 |   1755 |   4 |  968.5 |
    Slime Pits |   4064 |   3531 |    533 |    338 |   1677 |   5 |  812.8 |
  Orcish Mines |   2073 |   1726 |    347 |    181 |    764 |   2 | 1036.5 |
   Elven Halls |   4394 |   3783 |    611 |    265 |   2027 |   3 | 1464.7 |
        Vaults |   7608 |   6971 |    637 |    249 |   4123 |   5 | 1521.6 |
         Crypt |   4459 |   4152 |    307 |    164 |   1647 |   3 | 1486.3 |
        Depths |   4848 |   4083 |    765 |     67 |   2307 |   4 | 1212.0 |
           Zot |   5614 |   5359 |    255 |    722 |   2596 |   4 | 1403.5 |
         Abyss |   1483 |   1483 |      0 |     31 |     88 |   7 |  211.9 |
   Pandemonium |  18482 |  18482 |      0 |   1184 |   8589 |  18 | 1026.8 |
      Ice Cave |    327 |    327 |      0 |    111 |     47 |   1 |  327.0 |
       Volcano |    127 |    127 |      0 |      0 |      0 |   1 |  127.0 |
        Wizlab |    541 |    541 |      0 |     69 |    149 |   1 |  541.0 |
         Arena |    371 |    371 |      0 |    154 |      0 |  13 |   28.5 |
               +--------+--------+--------+--------+--------+-----+--------+

Top non-repeatable levels by time:
   Zot:3: 1972 daAuts
 Crypt:3: 1945 daAuts
   Elf:3: 1805 daAuts
Vaults:3: 1640 daAuts
Vaults:5: 1569 daAuts
    D:11: 1565 daAuts
Vaults:4: 1540 daAuts
Vaults:2: 1490 daAuts
 Crypt:1: 1477 daAuts
Spider:4: 1474 daAuts
    D:13: 1462 daAuts
   Zot:4: 1441 daAuts
   Elf:2: 1431 daAuts
Depths:3: 1396 daAuts
Depths:4: 1384 daAuts
